 Dungeon Crawl Stone Soup version 0.30.1-9-gdf580d7c3d (webtiles) character file.

Game seed: 183108487443630329

60321 Peloso the Carver (level 14, -1/133 HPs)
             Began as a Minotaur Fighter on Sept 28, 2023.
             Was the Champion of Okawaru.
             Slain by a cyan ugly thing (14 damage)
             ... on level 13 of the Dungeon.
             The game lasted 00:37:10 (22649 turns).

Peloso the Carver (Minotaur Fighter)               Turns: 22649, Time: 00:37:11

Health: -1/133     AC: 20    Str: 23    XL:     14   Next: 56%
Magic:  13/13      EV: 12    Int:  5    God:    Okawaru [******]
Gold:   2139       SH:  8    Dex: 21    Spells: 13/13 levels left

rFire   . . .        a - +11 long sword "Byacias" {freeze, rN+ Str+2}
rCold   + . .        d - +0 buckler
rNeg    + . .        p - +2 chain mail {rF+}
rPois   .            (helmet restricted)
rElec   .            v - +0 cloak {Stlth+}
rCorr   .            J - +0 pair of gloves
SInv    .            X - +1 pair of boots {Fly}
Will    +....        E - amulet of faith
Stlth   +            R - ring of ice
HPRegen 0.42/turn    i - +6 ring of dexterity
MPRegen 0.13/turn

%: faith
@: flying
A: horns 2, retaliatory headbutt
a: Renounce Religion, Heroism, Finesse, Duel


You were on level 13 of the Dungeon.
You worshipped Okawaru.
Okawaru was exalted by your worship.
You visited 3 branches of the dungeon, and saw 18 of its levels.
You also visited: Ice Cave.

You collected 2139 gold pieces.

Inventory:

Hand Weapons
 a - the +11 long sword "Byacias" (weapon) {freeze, rN+ Str+2}
   (Okawaru gifted it to you on level 2 of the Orcish Mines)

   Str:       It affects your strength (+2).
   rN:        It protects you from negative energy.
 b - the +5 morningstar "Hellblazer" {flame, rN+ Int+2}
   (Okawaru gifted it to you on level 11 of the Dungeon)

   Int:       It affects your intelligence (+2).
   rN:        It protects you from negative energy.
 c - a +3 long sword of freezing
 Z - the +7 eveningstar of the Spider {venom, rPois rF+ Str+2}
   (Okawaru gifted it to you on level 12 of the Dungeon)

   Str:       It affects your strength (+2).
   rF:        It protects you from fire.
   rPois:     It protects you from poison.
Missiles
 K - 3 throwing nets (quivered)
Armour
 d - a +0 buckler (worn)
 p - a +2 chain mail of fire resistance (worn)
 v - a +0 cloak of stealth (worn)
 J - a +0 pair of gloves (worn)
 M - +0 swamp dragon scales
 V - the +4 scale mail of Sloth {Str+2}
   (Okawaru gifted it to you in an ice cave)

   Str:       It affects your strength (+2).
 X - a +1 pair of boots of flying (worn)
Jewellery
 f - a +4 ring of protection
 i - a +6 ring of dexterity (right hand)
 D - a ring of see invisible
 E - an amulet of faith (around neck)
 P - the amulet "Qyegeuq" {Faith rElec Str+2}
   (You found it on level 1 of the Lair of Beasts)

   [amulet of faith]

   It allows you to gain divine favour quickly.
   Str:       It affects your strength (+2).
   rElec:     It insulates you from electricity.
 R - a ring of ice (left hand)
Wands
 x - a wand of flame (20)
 y - a wand of light (15)
 B - a wand of mindburst (15)
 G - a wand of iceblast (2)
 I - a wand of digging (4)
 L - a wand of polymorph (12)
Scrolls
 e - 3 scrolls of enchant armour
 h - 2 scrolls of enchant weapon
 j - 3 scrolls of noise
 k - 8 scrolls of teleportation
 l - 3 scrolls of amnesia
 u - 3 scrolls of summoning
 w - 3 scrolls of poison
 z - 4 scrolls of immolation
 A - a scroll of acquirement
 N - a scroll of fog
 O - a scroll of brand weapon {unknown}
 Q - 2 scrolls of blinking {unknown}
 S - a scroll of magic mapping {unknown}
 U - a scroll of fear {unknown}
 Y - 3 scrolls of identify
Potions
 g - 5 potions of might
 n - 2 potions of resistance {unknown}
 o - 9 potions of haste
 q - 7 potions of curing
 r - 3 potions of lignification
 s - a potion of berserk rage
 t - a potion of cancellation
 C - a potion of ambrosia
 F - 5 potions of magic
 H - 3 potions of mutation
 T - a potion of brilliance {unknown}
 W - 2 potions of invisibility {unknown}


   Skills:
 + Level 14.5 Fighting
 + Level 14.6 Long Blades
 + Level 14.5 Maces & Flails
 + Level 13.4 Armour
 + Level 6.0 Dodging
 + Level 2.4 Stealth
 + Level 12.1 Shields
 + Level 1.1 Invocations


You had 13 spell levels left.
You didn't know any spells.
Your spell library contained the following spells:

 Spells                   Type           Power      Damage    Failure   Level
 Beastly Appendage        Tmut           0%         N/A       93%         1
 Ensorcelled Hibernation  Hex/Ice        0%         N/A       98%         2
 Passwall                 Tmut/Erth      0%         N/A       98%         2
 Sublimation of Blood     Necr           0%         N/A       98%         2
 Wereblood                Tmut           0%         N/A       98%         2
 Spider Form              Tmut/Pois      0%         N/A       100%        3
 Swiftness                Air            0%         N/A       100%        3
 Anguish                  Hex/Necr       0%         N/A       100%        4
 Cause Fear               Hex            0%         N/A       100%        4
 Petrify                  Tmut/Erth      0%         N/A       100%        4
 Blade Hands              Tmut           0%         N/A       100%        5
 Irradiate                Conj/Tmut      0%         3d11      100%        5
 Conjure Ball Lightning   Conj/Air       0%         3x3d6     100%        6
 Iron Shot                Conj/Erth      0%         9d1       100%        6
 Enfeeble                 Hex            0%         N/A       100%        7
 Ozocubu's Refrigeration  Ice            0%         4d7       100%        7
 Discord                  Hex            0%         N/A       100%        8
 Disjunction              Tloc           0%         N/A       100%        8
 Polar Vortex             Ice            0%         N/A       100%        9
 Animate Armour           Summ/Erth      Unusable   N/A       N/A         4
 Simulacrum               Ice/Necr       Unusable   N/A       N/A         6

Dungeon Overview and Level Annotations

Branches:
Dungeon (13/15)            Temple (0/1) D:7            Lair (3/5) D:11
  Swamp (0/4) Lair:2        Snake (0/4) Lair:3          Orc (2/2) D:9
    Elf (0/3) Orc:2         IceCv (visited)
 Vaults: D:13-14

Altars:
Ashenzari
Elyvilon
Makhleb
Okawaru
Qazlal
Ru
Sif Muna
Uskayaw
Wu Jian
Xom
The Shining One

Shops:
Orc:1 (   Orc:2 :([[

Annotations:
Lair:2 1 runed translucent door, kalagan's ghost, journeyman DECj


Innate Abilities, Weirdness & Mutations

You have a pair of horns on your head.
You reflexively headbutt those who attack you in melee.


Message History

You slash the centaur warrior! You freeze the centaur warrior.
You kill the centaur warrior!
Okawaru accepts your kill.
A cyan ugly thing comes into view.
You see here a +0 shortbow.
You barely miss the red ugly thing.
The red ugly thing trunk-slaps you but does no damage.
You slice the red ugly thing!! You freeze the red ugly thing.
The red ugly thing is moderately wounded.
The red ugly thing trunk-slaps you but does no damage.
You barely miss the red ugly thing.
The red ugly thing is moderately wounded.
You slash the red ugly thing! You freeze the red ugly thing.
You headbutt the red ugly thing!
The red ugly thing is severely wounded.
The red ugly thing trunk-slaps you.
* * * LOW HITPOINT WARNING * * *
You are engulfed in flames!!
* * * LOW HITPOINT WARNING * * *
You barely miss the red ugly thing.
You headbutt the red ugly thing, but do no damage.
The red ugly thing is severely wounded.
The red ugly thing trunk-slaps you but does no damage.
Unknown command.
You closely miss the red ugly thing.
The red ugly thing is severely wounded.
You block the cyan ugly thing's attack.
Unknown command.
You slash the red ugly thing! You freeze the red ugly thing.
The red ugly thing is almost dead.
The red ugly thing trunk-slaps you but does no damage.
The cyan ugly thing stings you but does no damage.
Unknown command.
You slice the red ugly thing!! You freeze the red ugly thing.
You kill the red ugly thing!
Okawaru accepts your kill. The cyan ugly thing stings you.
* * * LOW HITPOINT WARNING * * *
The cyan ugly thing shocks you!
You die...

.<....###.#...>.>...#
......##..#.........#
......##.##.........#####
......##.##...............
......'..##.........#..##.
......#####........$......
+###### ######)).~≈~~~≈~
####..)#(~######
#.....@..~# #....u†..≈#
#........~# +........~#
#........~# #.).......+
#.........+ #........≈#


You could see a cyan ugly thing.

Vanquished Creatures
  A frost giant (IceCv)
  Snorg (D:11)
  2 hydras (Lair:3)
  An ogre mage (Orc:1)
  A catoblepas (Lair:3)
  A centaur warrior (D:13)
  2 boulder beetles
  4 two-headed ogres
  8 death yaks (IceCv)
  6 orc high priests
  8 orc knights
  Pikel (D:7)
  A manticore (D:12)
  2 orc sorcerers (Orc:2)
  2 ugly things
  14 elephants
  2 cyclopes
  An ice statue (IceCv)
  2 black mambas (Lair:2)
  5 cane toads
  2 gargoyles (D:11)
  2 komodo dragons
  A kobold demonologist (D:10)
  Maggie (D:8)
  An unseen horror (D:12)
  8 rime drakes
  8 trolls
  3 meliai (D:13)
  7 polar bears
  Grinder (D:3)
  3 tarantellas (Orc:1)
  3 blink frogs (Lair:1)
  6 slime creatures
  Sigmund (D:2)
  2 wraiths
  3 wyverns
  41 yaks
  4 vampire mosquitoes
  Grum (D:11)
  A redback (Orc:1)
  A steam dragon (D:7)
  Menkaure (D:5)
  4 wargs
  An acid dragon (D:8)
  4 water moccasins
  3 ice beasts (D:11)
  A sky beast (D:6)
  2 black bears
  36 orc warriors
  25 wolves
  4 centaurs
  11 ogres
  A lemure (D:7)
  4 phantoms
  5 bullfrogs
  5 kobold brigands
  2 scorpions (D:5)
  8 wights
  11 killer bees
  10 howler monkeys
  3 jellies
  5 hounds
  Crazy Yiuf (D:2)
  30 orc priests
  A gnoll bouda (D:8)
  3 sleepcaps
  Ijyb (D:4)
  Terence (D:3)
  3 iguanas
  21 orc wizards
  Natasha (D:3)
  9 hell rats
  Robin (D:2)
  7 gnolls
  4 adders
  A shadow imp (D:6)
  A white imp (D:7)
  An ufetubus (D:6)
  2 adder skeletons (D:2)
  2 worms
  4 dart slugs
  78 orcs
  7 endoplasms
  5 giant cockroaches
  17 goblins
  15 hobgoblins
  23 kobolds
  7 quokkas
  13 ball pythons
  A ball python skeleton (D:2)
  9 bats
  2 frilled lizards (D:3)
  A giant cockroach zombie (D:2)
  A jackal skeleton (D:2)
  A jackal zombie (D:2)
  A quokka skeleton (D:2)
  5 rats
591 creatures vanquished.

Vanquished Creatures (others)
  An orc wizard (D:11)
  3 kobolds (D:7)
4 creatures vanquished.

Grand Total: 595 creatures vanquished

Notes
Turn   | Place    | Note
-------+----------+-------------------------------------------
     0 | D:1      | Peloso the Minotaur Fighter began the quest for the Orb.
     0 | D:1      | Reached XP level 1. HP: 19/19 MP: 0/0
   126 | D:1      | Reached XP level 2. HP: 27/27 MP: 1/1
   455 | D:1      | Reached XP level 3. HP: 30/33 MP: 2/2
  1235 | D:2      | Noticed Robin
  1272 | D:2      | Killed Robin
  1273 | D:2      | Reached XP level 4. HP: 26/41 MP: 3/3
  1275 | D:2      | Noticed Sigmund
  1380 | D:3      | Noticed Grinder
  1382 | D:3      | Paralysed by Grinder for 4 turns
  1392 | D:3      | Paralysed by Grinder for 5 turns
  1400 | D:3      | Paralysed by Grinder for 2 turns
  1401 | D:3      | HP: 2/41 [frozen (4)]
  1404 | D:3      | Killed Grinder
  1405 | D:3      | Reached skill level 5 in Fighting
  1405 | D:3      | Reached skill level 5 in Long Blades
  1405 | D:3      | Reached skill level 5 in Armour
  1405 | D:3      | Reached XP level 5. HP: 29/48 MP: 4/4
  1405 | D:3      | Reached XP level 6. HP: 34/56 MP: 5/5
  1868 | D:3      | Noticed Natasha
  1878 | D:3      | Killed Natasha
  1967 | D:3      | Noticed Terence
  1974 | D:3      | Killed Terence
  2351 | D:2      | Killed Sigmund
  2352 | D:2      | Reached XP level 7. HP: 61/61 MP: 6/6
  2492 | D:2      | Reached skill level 1 in Dodging
  2499 | D:2      | You fall into a shaft and drop 1 floor!
  2705 | D:2      | Found a runed translucent door.
  2706 | D:2      | Noticed Crazy Yiuf
  2929 | D:2      | Killed Crazy Yiuf
  3104 | D:4      | Noticed Ijyb
  3117 | D:4      | Killed Ijyb
  3726 | D:4      | Found a broken altar of Ashenzari.
  3877 | D:5      | Entered Level 5 of the Dungeon
  3885 | D:5      | Reached XP level 8. HP: 70/70 MP: 7/7
  4023 | D:5      | Noticed Menkaure
  4028 | D:5      | Killed Menkaure
  4355 | D:5      | Found a shimmering blue altar of Sif Muna.
  4375 | D:5      | Reached skill level 5 in Shields
  4426 | D:5      | Found an iron altar of Okawaru.
  4460 | D:5      | Became a worshipper of Warmaster Okawaru
  4770 | D:5      | Found a stormy altar of Qazlal.
  4976 | D:5      | Found a burning altar of Makhleb.
  5063 | D:5      | Found a hide-covered altar of Uskayaw.
  5320 | D:6      | Reached skill level 1 in Stealth
  5401 | D:6      | Found a shimmering altar of Xom.
  5443 | D:6      | Reached XP level 9. HP: 79/79 MP: 8/8
  5480 | D:6      | Reached * piety under Okawaru
  5481 | D:6      | Reached skill level 10 in Long Blades
  5876 | D:6      | Found an ornate altar of the Wu Jian Council.
  6652 | D:7      | Noticed Pikel
  6680 | D:7      | Killed Pikel
  6680 | D:7      | Reached ** piety under Okawaru
  6836 | D:7      | Found a sacrificial altar of Ru.
  6890 | D:7      | Reached *** piety under Okawaru
  7126 | D:7      | Reached XP level 10. HP: 89/90 MP: 9/9
  7133 | D:7      | Found a staircase to the Ecumenical Temple.
  8417 | D:8      | Noticed Maggie
  8437 | D:8      | Killed Maggie
  8440 | D:8      | Reached **** piety under Okawaru
  8961 | D:8      | Found a white marble altar of Elyvilon.
  9609 | D:9      | Reached ***** piety under Okawaru
  9954 | D:9      | Found a staircase to the Orcish Mines.
 10192 | D:10     | Entered Level 10 of the Dungeon
 10233 | D:10     | Reached XP level 11. HP: 99/99 MP: 7/10
 10252 | D:10     | Reached skill level 10 in Armour
 10259 | D:10     | Reached skill level 10 in Fighting
 10351 | D:10     | Received a gift from Okawaru
 11030 | D:10     | Found a glowing golden altar of the Shining One.
 11251 | D:11     | Noticed Snorg
 11269 | D:11     | Killed Snorg
 11534 | D:11     | Noticed a two-headed ogre
 11547 | D:11     | Killed a two-headed ogre
 11547 | D:11     | Identified the +5 morningstar "Hellblazer" {flame, rN+
                  | Int+2} (Okawaru gifted it to you on level 11 of the
                  | Dungeon)
 11547 | D:11     | Received a gift from Okawaru
 11663 | D:11     | Noticed a purple ugly thing
 11676 | D:11     | Killed a purple ugly thing
 11683 | D:11     | Reached skill level 1 in Maces & Flails
 11742 | D:11     | Noticed Grum
 11749 | D:11     | Killed Grum
 12069 | D:11     | Found a staircase to the Lair.
 12073 | D:11     | Reached ****** piety under Okawaru
 12073 | D:11     | Received a gift from Okawaru
 12227 | D:11     | Reached skill level 5 in Maces & Flails
 12662 | D:11     | Reached XP level 12. HP: 91/110 MP: 11/11
 12888 | D:11     | Identified a scroll of acquirement
 12921 | Lair:1   | Entered Level 1 of the Lair of Beasts
 13019 | Lair:1   | Received a gift from Okawaru
 13322 | Lair:1   | Identified the amulet "Qyegeuq" {Faith rElec Str+2}
 13427 | Lair:1   | Noticed a boulder beetle
 13442 | Lair:1   | Killed a boulder beetle
 14269 | Lair:2   | Identified the +0 buckler "Sualluuc" {Harm Dex-3 Stlth+}
                  | (Okawaru gifted it to you on level 2 of the Lair of Beasts)
 14269 | Lair:2   | Received a gift from Okawaru
 14512 | Lair:2   | Reached skill level 10 in Shields
 14865 | Lair:2   | Found a staircase to the Swamp.
 14981 | Lair:2   | Found a runed translucent door.
 14985 | Lair:2   | Noticed kalagan's ghost (journeyman DECj)
 14988 | Lair:2   | Identified the +6 trident of the Unkillable {flame,
                  | *Corrode rF+ Will+}
 15424 | Lair:3   | Noticed a catoblepas
 15437 | Lair:3   | Killed a catoblepas
 15438 | Lair:3   | Reached skill level 10 in Maces & Flails
 15619 | Lair:3   | Noticed a six-headed hydra
 15636 | Lair:3   | Reached XP level 13. HP: 81/119 MP: 12/12
 15973 | Lair:3   | Reached skill level 5 in Dodging
 16066 | Lair:3   | Found a staircase to the Snake Pit.
 16609 | D:12     | Found a frozen archway.
 16627 | IceCv    | Entered an ice cave
 16764 | IceCv    | Identified the +4 scale mail of Sloth {Str+2} (Okawaru
                  | gifted it to you in an ice cave)
 16764 | IceCv    | Received a gift from Okawaru
 17039 | IceCv    | Reached skill level 1 in Invocations
 17492 | IceCv    | Noticed a frost giant
 17513 | IceCv    | Killed a frost giant
 18435 | D:12     | Identified the +7 eveningstar of the Spider {venom, rPois
                  | rF+ Str+2} (Okawaru gifted it to you on level 12 of the
                  | Dungeon)
 18435 | D:12     | Received a gift from Okawaru
 18891 | Orc:1    | Entered Level 1 of the Orcish Mines
 18990 | Orc:1    | Found Desethoq's Antique Weapon Emporium.
 19504 | Orc:1    | Reached XP level 14. HP: 106/130 MP: 13/13
 19628 | Orc:2    | Entered Level 2 of the Orcish Mines
 20075 | Orc:2    | Identified the +11 long sword "Byacias" {freeze, rN+ Str+2}
                  | (Okawaru gifted it to you on level 2 of the Orcish Mines)
 20075 | Orc:2    | Received a gift from Okawaru
 20918 | Orc:2    | Found a staircase to the Elven Halls.
 21880 | Orc:2    | Received a gift from Okawaru
 21964 | Orc:2    | Found Cyecut's Antique Armour Emporium.
 21964 | Orc:2    | Found Somnay's Antique Armour Emporium.
 21967 | Orc:2    | Found Moirgh's Weapon Shoppe.
 21967 | Orc:2    | Found Cagent's Book Emporium.
 22649 | D:13     | Slain by a cyan ugly thing

Illustrated notes

Levels and vault maps discovered:
D:1:      kilobyte_arrival_exit_the_forest, layout_basic,
          chequers_serial_rivers_micro_a, solitary_fountain
D:2:      layout_loops_cross, serial_undead, serial_undead_b, serial_undead_a,
          serial_undead_c, serial_undead_c, minmay_tromino_i4, uniq_robin,
          uniq_crazy_yiuf_cottage, uniq_sigmund
D:3:      layout_basic, uniq_terence, uniq_grinder, uniq_natasha
D:4:      layout_basic, marbit_many_paths, nicolae_eternal_life, minmay_cut_off,
          uniq_ijyb
D:5:      layout_layer_cave, nicolae_qazlal_general_emergency,
          nicolae_uskayaw_suspiria, makhleb_blood_cavern_becter,
          lemuel_tele_altar, okawaru_gym_becter, uniq_menkaure
D:6:      layout_layer_cave, xom_teletrap_fun, nicolae_wu_jian_wuxing_cycle,
          amcnicky_mini_rare_corridor_liquid, kennysheep_generic_room_10
D:7:      layout_layer_cave, nicolae_ru_great_annihilating_truth,
          minmay_temple_entry_glass, uniq_pikel
D:8:      layout_basic, lemuel_coloured_pillars_altar, grunt_ministairs_15,
          uniq_maggie
D:9:      layout_basic, erik_orc_3, corexii_leaking_fountain
D:10:     layout_long_grid, tso_altar
D:11:     layout_loops_ring, hellmonk_lair_entry_icy, eino_jars, uniq_snorg,
          uniq_grum
D:12:     nicolae_BIG_FREAKIN_CUBE, layout_cave_pools,
          portal_ice_cave_entry_pillars_2, kb_lookout_dungeons_type
D:13:     layout_roguey, nooodl_orcs_dogs
Lair:1:   layout_hall_layers, special_room, grunt_forest_stairs_basic,
          grunt_megastairs_4
Lair:2:   layout_regular_city, swamp_mist, ebering_ghost_funeral_grove
Lair:3:   layout_cave_pods, dummy_snake_entry, chequers_serial_rivers_small_b
Orc:1:    nicolae_orc_accident_3, layout_diamond_mine, serial_shops,
          nicolae_shop_tiny_statue_garden
Orc:2:    st_orc_pillars, layout_diamond_mine

Skill      XL: |  1  2  3  4  5  6  7  8  9 10 11 12 13 14 |
---------------+-------------------------------------------+-----
Armour         | 4 5 6 7 8 9 11 12 13 | 13.4
Fighting       | 4 5 6 7 8 9 11 12 13 14 | 14.5
Long Blades    | 3 5 6 7 9 11 13 14 | 14.6
Shields        | 4 5 6 7 8 10 11 12 | 12.1
Dodging        | 1 2 3 4 5 6 |  6.0
Stealth        | 1 2 |  2.4
Maces & Flails | 5 10 13 14 | 14.5
Invocations    | 1 |  1.1

Action                     |  1- 3 |  4- 6 |  7- 9 | 10-12 | 13-15 || total
---------------------------+-------+-------+-------+-------+-------++-------
  Melee: Long sword        |    94 |    60 |   334 |   297 |   159 ||   944
         Headbutt          |    14 |    11 |    83 |   148 |   158 ||   414
         Morningstar       |       |       |       |   328 |   242 ||   570
         Eveningstar       |       |       |       |       |   196 ||   196
 Invoke: Heroism           |       |       |       |     7 |     6 ||    13
  Evoke: Wand              |       |       |       |       |     2 ||     2
    Use: Potion            |     2 |     1 |       |     1 |     5 ||     9
         Scroll            |       |       |     7 |     6 |     6 ||    19
   Stab: Paralysed         |       |       |     1 |       |       ||     1
 Armour: Scale mail        |    46 |    26 |       |       |       ||    72
         Chain mail        |       |     3 |   207 |   365 |   311 ||   886
  Dodge: Dodged            |    28 |    25 |   122 |   333 |   366 ||   874
  Block: Buckler           |    22 |    12 |    96 |   226 |   270 ||   626
